 Dungeon Crawl Stone Soup version 0.29.1-2-gbd0b4ee654 (webtiles) character file.

Game seed: 3018862327028751233

184 vyxenrose the Chopper (level 5, -2/46 HPs)
             Began as a Draconian Berserker on Nov 30, 2022.
             Was a Believer of Trog.
             Slain by spicycupcake777's ghost (5 damage)
             ... on level 3 of the Dungeon.
             The game lasted 00:10:44 (3210 turns).

vyxenrose the Chopper (Draconian Berserker)         Turns: 3210, Time: 00:10:46

Health: -2/46      AC:  8    Str: 22    XL:     5   Next: 36%
Magic:  5/5        EV: 12    Int:  7    God:    Trog [**....]
Gold:   141        SH:  0    Dex: 10    Spells: 4/4 levels left

rFire   . . .      SeeInvis .   a - +0 hand axe (venom)
rCold   . . .      Faith    .   (no shield)
rNeg    . . .      Spirit   .   (body armour unavailable)
rPois   .          Reflect  .   (helmet restricted)
rElec   .          Harm     .   (no cloak)
rCorr   .          Rampage  .   (no gloves)
Will    .....                   b - +2 pair of boots
Stlth   +.........              (no amulet)
HPRegen 0.15/turn               (no ring)
MPRegen 0.09/turn               (no ring)

@: no status effects
A: AC +5, unfitting armour, cold-blooded
a: Renounce Religion, Berserk, Trog's Hand


You were on level 3 of the Dungeon.
You worshipped Trog.
Trog was pleased with you.
You visited 1 branch of the dungeon, and saw 3 of its levels.

You collected 141 gold pieces.

Inventory:

Hand Weapons
 a - a +0 hand axe of venom (weapon)
Missiles
 g - 3 atropa-tipped darts (quivered)
Armour
 b - a +2 pair of boots (worn)
Scrolls
 e - a scroll of poison {unknown}
 j - 2 scrolls of brand weapon
 k - a scroll of amnesia {unknown}
 l - a scroll of butterflies {unknown}
Potions
 c - a potion of might {unknown}
 d - a potion of heal wounds {unknown}
 f - 2 potions of curing
 h - 3 potions of haste {unknown}
 i - a potion of degeneration {unknown}
 m - a potion of mutation {unknown}
 n - a potion of lignification {unknown}


   Skills:
 * Level 4.2 Fighting
 * Level 5.1 Axes
 + Level 3.2 Dodging
 + Level 0.7 Stealth


You had 4 spell levels left.
You didn't know any spells.
Your spell library contained the following spells:

 Spells                   Type           Power      Damage    Failure   Level
 Sandblast                Erth           0%         2d4       43%         1
 Sting                    Tmut/Pois      0%         1d3       43%         1
 Passwall                 Tmut/Erth      0%         N/A       56%         2
 Poisonous Vapours        Pois/Air       0%         N/A       56%         2
 Static Discharge         Conj/Air       0%         3-3/arc   56%         2
 Stone Arrow              Conj/Erth      0%         3d7       80%         3
 Olgreb's Toxic Radiance  Pois           0%         N/A       99%         4
 Lightning Bolt           Conj/Air       0%         1d11      100%        5
 Maxwell's Capacitive Co  Air            0%         ∞         100%        8


Dungeon Overview and Level Annotations

Branches:
Dungeon (3/15)

Altars:
Fedhas
Qazlal
Ru
Wu Jian

Annotations:
D:3 spicycupcake777's ghost, amateur DsAK


Innate Abilities, Weirdness & Mutations

Your plain brown scales are hard. (AC +5)
You cannot fit into any form of body armour.
You are cold-blooded and may be slowed by cold attacks.


Message History

Spicycupcake777's ghost is lightly damaged.
You completely miss the ogre. Spicycupcake777's ghost hits you.
There is a transporter here.
You enter the transporter and appear at another place.
Spicycupcake777's ghost hits you but does no damage.
Spicycupcake777's ghost hits you.
* * * LOW HITPOINT WARNING * * *
Spicycupcake777's ghost hits you but does no damage.
You hit spicycupcake777's ghost.
Your tail-slap misses spicycupcake777's ghost.
Spicycupcake777's ghost is moderately damaged.
Spicycupcake777's ghost barely misses you.
You hit spicycupcake777's ghost but do no damage.
Spicycupcake777's ghost is moderately damaged.
Spicycupcake777's ghost hits you.
* * * LOW HITPOINT WARNING * * *
You hit spicycupcake777's ghost but do no damage.
You tail-slap spicycupcake777's ghost.
Spicycupcake777's ghost is moderately damaged.
Spicycupcake777's ghost says, "What a barren place.
A pity you won't get a chance to visit the Abyss!"
Spicycupcake777's ghost hits you.
* * * LOW HITPOINT WARNING * * *
You hit spicycupcake777's ghost but do no damage.
Spicycupcake777's ghost is moderately damaged.
Spicycupcake777's ghost hits you but does no damage.
You barely miss spicycupcake777's ghost.
Spicycupcake777's ghost is moderately damaged.
Spicycupcake777's ghost completely misses you.
You hit spicycupcake777's ghost but do no damage.
You tail-slap spicycupcake777's ghost.
Spicycupcake777's ghost is heavily damaged.
Spicycupcake777's ghost hits you but does no damage.
You hit spicycupcake777's ghost.
Spicycupcake777's ghost is heavily damaged.
Spicycupcake777's ghost says regretfully, "I wish I had corrupted all of this!"
Spicycupcake777's ghost hits you.
* * * LOW HITPOINT WARNING * * *
Spicycupcake777's ghost whispers, "They're coming for you..."
Spicycupcake777's ghost hits you.
You die...

########## ###........#
####..........#
#######@...#........#
#......W......##.####
#.....©.©.....#..#
###############.##
##..$..O$...©##.#
#.#..#.#..#.##.#
#..##...##..##.#### ##
#..##...##..##....####.
#.#..#.#..#.##....##...


You could see an ogre (poisoned) and spicycupcake777's ghost.

Vanquished Creatures
  A phantom (D:3)
  3 adders
  2 worms (D:2)
  5 dart slugs
  7 endoplasms
  9 giant cockroaches
  10 goblins
  2 hobgoblins
  2 jackals (D:3)
  3 kobolds
  3 quokkas
  4 ball pythons
  6 bats
  2 frilled lizards
  4 rats
63 creatures vanquished.

Notes
Turn   | Place    | Note
-------+----------+-------------------------------------------
     0 | D:1      | vyxenrose the Draconian Berserker began the quest for the
                  | Orb.
     0 | D:1      | Reached XP level 1. HP: 19/19 MP: 1/1
   202 | D:1      | Reached XP level 2. HP: 26/26 MP: 2/2
  1019 | D:1      | Reached XP level 3. HP: 33/33 MP: 3/3
  1483 | D:2      | Found a faded altar of an unknown god.
  1744 | D:2      | Reached skill level 4 in Axes
  1762 | D:2      | Reached ** piety under Trog
  1894 | D:2      | Reached XP level 4. HP: 39/40 MP: 4/4
  2410 | D:3      | Noticed a phantom
  2437 | D:3      | Found a stormy altar of Qazlal.
  2456 | D:3      | Killed a phantom
  2457 | D:3      | Reached XP level 5. HP: 23/46 MP: 5/5
  2721 | D:3      | Found a transporter.
  2722 | D:3      | Found a transporter.
  2722 | D:3      | Noticed spicycupcake777's ghost (amateur DsAK)
  2725 | D:3      | Identified the +5 dire flail "Qozobb" {vorpal, Int+3 Dex+4}
  2725 | D:3      | Noticed an ogre
  2798 | D:3      | Found a sacrificial altar of Ru.
  2809 | D:3      | Reached skill level 5 in Axes
  2986 | D:3      | Found an ornate altar of the Wu Jian Council.
  3097 | D:3      | Found a blossoming altar of Fedhas.
  3210 | D:3      | Slain by spicycupcake777's ghost

Illustrated notes

Levels and vault maps discovered:
D:1:      amcnicky_arrival_flooded_fountain, layout_basic
D:2:      layout_loops_cross, basic_ecumenical_altar, nrook_mini_vaults,
          minmay_misc_feat_diagonals, minmay_ruptured
D:3:      layout_rooms, grunt_qazlal_sundering, nicolae_overflow_crystal_walls,
          fedhas_altar_fruit_tree, old_standard_altar, gammafunk_ghost_smash

Skill      XL: |  1  2  3  4  5 |
---------------+----------------+-----
Axes           | 4 5 |  5.1
Dodging        | 3 |  3.2
Fighting       | 4 |  4.2
Stealth        | |  0.7

Action                   |  1- 3 |  4- 6 || total
-------------------------+-------+-------++-------
Melee: Hand axe          |   120 |    81 ||   201
       Tailslap          |     9 |    12 ||    21
       Punch             |       |     1 ||     1
  Use: Scroll            |       |     2 ||     2
 Stab: Sleeping          |     3 |       ||     3
       Distracted        |       |     1 ||     1
Armor: Skin              |    38 |    28 ||    66
Dodge: Dodged            |    72 |    62 ||   134
